 Dungeon Crawl Stone Soup version 0.31-a0-819-gf6de2f5ab6 (webtiles) character file.

Game seed: 11691367761044100288

122817 Kurtz the Peltast (level 16, -2/177 HPs)
             Began as an Octopode Fighter on Sept 25, 2023.
             Was a High Priest of Makhleb.
             Killed from afar by a naga mage (25 damage)
             ... with a bolt of poison
             ... on level 3 of the Snake Pit.
             The game lasted 01:09:59 (33000 turns).

Kurtz the Peltast (Octopode Fighter)               Turns: 33000, Time: 01:09:59

Health: -2/177     AC: 14    Str: 21    XL:     16   Next: 88%
Magic:  24/24      EV: 21    Int: 24    God:    Makhleb [*****.]
Gold:   263        SH: 16    Dex: 25    Spells: 15/19 levels left

rFire   + . .        c - +10 hand axe "Huwepaet" {speed, Fragile Int+8 Dex+5}
rCold   + + .        S - +0 kite shield {AC+3}
rNeg    . . .        E - +2 hat {Will+}
rPois   .            y - amulet of regeneration
rElec   .            n - +6 ring of dexterity
rCorr   .            o - ring of wizardry
SInv    +            M - ring of protection from cold
Will    ++...        J - ring "Wekusaip" {rF+ rC+ SInv} Stlth
                     O - +6 ring of intelligence
HPRegen 1.29/turn    R - +4 ring of protection
MPRegen 0.19/turn    w - +4 ring of protection
                     (no ring)

%: wizardry (x1)
@: berserking, lethally poisoned (-2 -> -22), slowed, constricted
A: almost no armour, amphibious, 8 rings, camouflage 1, gelatinous body 1,
(nimble swimmer 1), tentacles, teleportitis 1
a: Renounce Religion, Minor Destruction, Lesser Servant of Makhleb, Major
Destruction, Greater Servant of Makhleb


You were on level 3 of the Snake Pit.
You worshipped Makhleb.
Makhleb was extremely pleased with you.
You visited 5 branches of the dungeon, and saw 26 of its levels.
You also visited: Bailey.

You collected 2333 gold pieces.
You spent 2070 gold pieces at shops.

Inventory:

Hand Weapons
 c - the +10 hand axe "Huwepaet" (weapon) {speed, Fragile Int+8 Dex+5}
   (You found it on level 6 of the Dungeon)

   Int+8:     It affects your intelligence (+8).
   Dex+5:     It affects your dexterity (+5).
   Fragile:   It will be destroyed if unequipped.
 d - a +0 broad axe of chaos
Missiles
 t - 54 poisoned darts (quivered)
 v - 24 boomerangs
 z - 2 curare-tipped darts
 N - 6 javelins
Armour
 b - a +0 buckler
 g - a +0 tower shield
 E - a +2 hat of willpower (worn)
 S - a +0 kite shield of protection (worn)
Jewellery
 n - a +6 ring of dexterity (left tentacle)
 o - a ring of wizardry (right tentacle)
 s - a ring of fire
 w - a +4 ring of protection (on tentacle)
 y - an amulet of regeneration (around mantle)
 J - the ring "Wekusaip" (on tentacle) {rF+ rC+ SInv}
   (You bought it in a shop on level 15 of the Dungeon)

   [ring of see invisible]

   rF+:       It protects you from fire.
   rC+:       It protects you from cold.
   SInv:      It lets you see invisible.
 M - a ring of protection from cold (on tentacle)
 O - a +6 ring of intelligence (on tentacle)
 R - a +4 ring of protection (on tentacle)
Wands
 e - a wand of flame (5)
 q - a wand of digging (13)
 G - a wand of polymorph (5)
 T - a wand of roots (5)
Scrolls
 a - a scroll of silence
 f - 4 scrolls of fear
 h - 8 scrolls of enchant weapon
 i - 4 scrolls of summoning
 l - a scroll of poison
 r - 5 scrolls of teleportation
 B - 2 scrolls of revelation
 C - a scroll of vulnerability
 D - 2 scrolls of torment
 H - a scroll of fog
 I - 2 scrolls of blinking
 L - 3 scrolls of identify
Potions
 j - a potion of enlightenment
 k - a potion of brilliance
 m - 4 potions of heal wounds
 p - a potion of attraction
 u - 5 potions of magic
 x - 5 potions of cancellation
 A - 2 potions of lignification
 F - 15 potions of ambrosia
 P - a potion of curing
 Q - a potion of might


   Skills:
 * Level 13.8 Fighting
 - Level 14.0 Axes
 + Level 12.5 Dodging
 * Level 17.2 Shields
 - Level 2.0 Spellcasting
 - Level 1.9 Translocations
 - Level 11.2 Invocations


You had 15 spell levels left.
You knew the following spells:

 Your Spells              Type           Power      Damage    Failure   Level
a - Passage of Golubria   Tloc           11%        N/A       28%         4

Your spell library contained the following spells:

 Spells                   Type           Power      Damage    Failure   Level
 Apportation              Tloc           22%        N/A       3%          1
 Blink                    Tloc           22%        N/A       4%          2
 Kiss of Death            Conj/Necr      8%         2d6       7%          1
 Summon Small Mammal      Summ           8%         N/A       7%          1
 Jinxbite                 Hex            4%         N/A       11%         2
 Call Canine Familiar     Summ           2%         N/A       21%         3
 Confusing Touch          Hex            2%         N/A       21%         3
 Inner Flame              Hex/Fire       2%         N/A       21%         3
 Summon Guardian Golem    Hex/Summ       2%         N/A       21%         3
 Tukima's Dance           Hex            2%         N/A       21%         3
 Manifold Assault         Tloc           11%        N/A       28%         4
 Vhi's Electric Charge    Tloc/Air       14%        N/A       41%         4
 Dispel Undead            Necr           2%         3d7       52%         4
 Alistair's Intoxication  Tmut/Pois      1%         N/A       86%         5
 Arcjolt                  Conj/Air       1%         1d11      86%         5
 Yara's Violent Unravell  Hex/Tmut       1%         3d3       86%         5
 Dispersal                Tloc           5%         N/A       98%         6
 Plasma Beam              Fire/Air       1%         2x1d11    100%        6
 Enfeeble                 Hex            1%         N/A       100%        7
 Disjunction              Tloc           5%         N/A       100%        8


Dungeon Overview and Level Annotations

Branches:
Dungeon (15/15)            Temple (1/1) D:7            Lair (5/5) D:11
 Shoals (0/4) Lair:2        Snake (3/4) Lair:3        Slime (0/5) Lair:5
    Orc (2/2) D:12            Elf (0/3) Orc:2        Vaults (0/5) D:13
 Depths (0/4) D:15         Bailey (visited)

Altars:
Ashenzari
Cheibriados
Dithmenos
Elyvilon
Fedhas
Gozag
Hepliaklqana
Kikubaaqudgha
Makhleb
Nemelex Xobeh
Okawaru
Qazlal
Ru
Sif Muna
Trog
Uskayaw
Vehumet
Wu Jian
Xom
Yredelemnul
Zin
The Shining One
Jiyva

Shops:
D:13 *   D:15 =   Orc:1 ?   Orc:2 (:[*   Snake:2 :=:

Annotations:
D:4 exclusion: 2 downstairs
D:7 exclusion: upstairs
D:10 1 exclusion
D:11 exclusions: downstairs and 1 more exclusion
D:13 exclusion: downstairs
D:14 exclusion: downstairs
D:15 exclusion: door
Lair:1 exclusion: ice statue
Lair:2 exclusion: downstairs
Snake:1 1 runed translucent door, Pooter's ghost, adept MiFi


Innate Abilities, Weirdness & Mutations

You cannot wear most types of armour.
You are amphibious.
You can wear up to eight rings at the same time.
Your skin changes colour to match your surroundings (Stealth+).
Your rubbery body absorbs attacks. (AC +1, EV +1)
((You are camouflaged when in or above water. (Stealth+)))
You have tentacles for arms and can constrict up to eight enemies at once.
You are occasionally teleported next to monsters.


Message History

You feel much better.
You feel very sick.
The naga mage gestures wildly while chanting.
The naga mage seems to speed up.
You block the naga warrior's attack. The naga warrior constricts you.
Your neqoxec hits the naga warrior. You block the naga mage's attack.
Your orange demon stings the naga warrior from afar.
A red film seems to cover your vision as you go berserk!
You feel yourself moving faster!
You feel mighty!
You feel very sick. The naga mage spits poison at you.
The splash of poison misses you.
The splash of poison hits your orange demon!
Your orange demon looks even sicker.
Your orange demon dies!
Your orange demon disappears in a puff of smoke!
You block the naga warrior's attack. The naga warrior constricts you.
* * * LOW HITPOINT WARNING * * *
Your neqoxec hits the naga warrior. The naga mage closely misses you.
The naga warrior barely misses you. The naga warrior constricts you.
* * * LOW HITPOINT WARNING * * *
Your neqoxec closely misses the naga warrior.
You slash the naga warrior! You squeeze the naga warrior.
The naga warrior is moderately wounded.
You slash the naga mage!
You feel sick.
The naga warrior no longer looks unusually strong.
The naga mage gestures at you while chanting.
The bolt of poison hits you!
You are more poisoned.
* * * LOW HITPOINT WARNING * * *
You closely miss the naga mage.
The naga mage is moderately wounded.
You slash the naga warrior!
You feel sick.
The naga warrior hits you with a +0 trident!
* * * LOW HITPOINT WARNING * * *
The naga warrior constricts you.
The naga mage points at you and mumbles some strange words.
The bolt of poison hits you!!
You are more poisoned.
You die...

##### ###.... .......
..[...<######
......3).§..#####
......N@§.......##
......N))........###
############..#....#
##.#..##.
#####################....#
....<....................#
........................##
...................##.###
...............########


You could see a naga warrior (curare, ally target), a naga mage (fast, strong,
catching breath) and a friendly neqoxec (summoned).

Vanquished Creatures
  Rupert (Lair:4)
  Gastronok (Lair:1)
  Kirke (Lair:4)
  An orc warlord (Orc:2)
  An ironbound preserver (D:13)
  Nessos (D:13)
  2 vault guards (Bailey)
  4 anacondas
  5 catoblepae
  3 centaur warriors
  An ogre mage (D:15)
  A hydra (Lair:5)
  6 two-headed ogres
  7 death yaks
  An orc high priest (Orc:2)
  A shock serpent (Snake:2)
  7 boulder beetles
  A naga warrior (Snake:2)
  A tengu warrior (D:15)
  Urug (Lair:4)
  6 naga sharpshooters
  A skyshark (Lair:5)
  Amaemon (Lair:3)
  2 salamander mystics
  A glowing orange brain (D:15)
  Lodul (D:13)
  A wizard (D:14)
  2 naga ritualists
  4 mana vipers
  4 cyclopes
  5 orc knights
  A faun (shapeshifter) (D:15)
  5 orc sorcerers (Orc:2)
  14 ugly things
  A moth of wrath (Snake:3)
  4 manticores
  8 elephants (Lair:5)
  15 black mambas
  3 naga magi (Snake:3)
  An orange demon (Lair:3)
  10 cane toads
  A gargoyle (D:12)
  Jeremiah (D:7)
  11 komodo dragons
  Maggie (D:8)
  5 rime drakes
  4 unseen horrors
  4 kobold demonologists
  4 trolls
  A queen bee (Lair:3)
  2 ice devils (Lair:1)
  Prince Ribbit (Bailey)
  4 polar bears
  7 dream sheep
  13 blink frogs
  14 slime creatures
  A shadow (D:13)
  A wraith (D:5)
  A dire elephant simulacrum (Lair:1)
  51 yaks
  5 wyverns
  3 humans (Bailey)
  4 basilisks
  Menkaure (D:4)
  2 steam dragons
  18 vampire mosquitoes
  A harpy simulacrum (Lair:1)
  14 nagas
  3 wargs
  Grum (D:8)
  An acid dragon (D:11)
  12 water moccasins
  29 orc warriors
  6 ice beasts
  A sky beast (D:8)
  3 black bears
  11 ogres
  30 wolves
  10 centaurs
  2 phantoms
  7 kobold brigands
  2 gnoll sergeants
  22 bullfrogs
  6 scorpions
  A two-headed ogre simulacrum (Lair:1)
  A cane toad simulacrum (Lair:1)
  10 wights
  37 killer bees
  7 electric eels
  6 howler monkeys
  2 jellies
  7 hounds
  17 orc priests
  A gnoll bouda (D:7)
  A sleepcap (D:6)
  4 iguanas
  18 orc wizards
  A wolf simulacrum (Lair:1)
  7 gnolls
  5 adders
  4 shadow imps
  2 white imps (D:4)
  An ufetubus (D:4)
  2 worms
  2 dart slugs
  68 orcs
  5 ball pythons
  5 endoplasms
  A giant cockroach (D:4)
  11 goblins
  11 hobgoblins
  2 jackals (D:2)
  20 kobolds
  4 quokkas
  2 bats
  A frilled lizard (D:2)
  5 rats
729 creatures vanquished.

Vanquished Creatures (collateral kills)
  A very ugly thing (D:15)
  A rakshasa (D:15)
  3 hydras
  2 anacondas (Snake:3)
  A boulder beetle (D:15)
  2 naga warriors
  2 orc high priests (Orc:2)
  2 naga sharpshooters (Snake:2)
  2 orc knights (Orc:2)
  2 orc sorcerers (Orc:2)
  A salamander (Snake:3)
  A naga mage (Snake:3)
  A polar bear (Lair:1)
  A hog (Lair:4)
  2 yaks
  2 nagas (Snake:3)
  A water moccasin (Lair:1)
  7 orc warriors
  An ogre (Orc:1)
  A kobold brigand (D:10)
  A killer bee (Lair:3)
  7 orc priests (Orc:2)
  An iguana (shapeshifter) (D:15)
  4 orc wizards (Orc:2)
  A white imp (Lair:1)
  13 orcs
63 creatures vanquished.

Vanquished Creatures (others)
  An orc wizard (Orc:2)
1 creature vanquished.

Grand Total: 793 creatures vanquished

Notes
Turn   | Place    | Note
-------+----------+-------------------------------------------
     0 | D:1      | Kurtz the Octopode Fighter began the quest for the Orb.
     0 | D:1      | Reached XP level 1. HP: 16/16 MP: 1/1
   202 | D:1      | Reached XP level 2. HP: 9/21 MP: 2/2
  1226 | D:2      | Reached XP level 3. HP: 26/26 MP: 3/3
  1528 | D:2      | Reached XP level 4. HP: 31/31 MP: 4/4
  1996 | D:3      | Identified the +8 plate armour of the Weaver {Str+2}
  2146 | D:3      | Reached XP level 5. HP: 36/36 MP: 5/5
  2693 | D:4      | Noticed Menkaure
  2855 | D:4      | Found a snail-covered altar of Cheibriados.
  3368 | D:4      | Noticed a phantom
  3454 | D:3      | Killed a phantom
  3455 | D:3      | Reached XP level 6. HP: 21/42 MP: 6/6
  3582 | D:4      | Reached skill level 5 in Axes
  3606 | D:4      | Reached skill level 4 in Shields
  3903 | D:4      | Reached XP level 7. HP: 42/46 MP: 7/7
  4230 | D:5      | Entered Level 5 of the Dungeon
  4230 | D:5      | Noticed a wraith
  4872 | D:5      | Found a glowing silver altar of Zin.
  5128 | D:5      | Killed a wraith
  5129 | D:5      | Reached skill level 5 in Dodging
  5129 | D:5      | Reached skill level 5 in Shields
  5129 | D:5      | Reached XP level 8. HP: 54/54 MP: 8/8
  5184 | D:5      | Found an ornate altar of the Wu Jian Council.
  5595 | D:6      | Identified the +10 hand axe "Huwepaet" {speed, Fragile
                  | Int+8 Dex+5}
  6465 | D:7      | Noticed a wyvern
  6465 | D:7      | Found a burning altar of Makhleb.
  6482 | D:7      | Found a blossoming altar of Fedhas.
  6487 | D:7      | Killed a wyvern
  6488 | D:7      | Reached XP level 9. HP: 51/59 MP: 9/9
  6488 | D:7      | Found a sacrificial altar of Ru.
  6494 | D:7      | Found a hazy altar of Hepliaklqana.
  6495 | D:7      | Found a radiant altar of Vehumet.
  6501 | D:7      | Found a staircase to the Ecumenical Temple.
  6515 | Temple   | Entered the Ecumenical Temple
  6527 | D:7      | Became a worshipper of Makhleb the Destroyer
  6658 | D:7      | Reached skill level 1 in Invocations
  6892 | D:4      | Killed Menkaure
  7482 | D:7      | Reached skill level 10 in Axes
  7654 | D:7      | Noticed Jeremiah
  8200 | D:8      | Noticed Maggie
  8200 | D:8      | Noticed a cyclops
  8225 | D:8      | Noticed Grum
  8236 | D:8      | Killed Grum
  8237 | D:8      | Reached XP level 10. HP: 35/65 MP: 12/12
  8391 | D:8      | Killed Maggie
  8532 | D:8      | Reached * piety under Makhleb
 10187 | D:9      | Noticed a cyclops
 10216 | D:9      | Killed a cyclops
 10404 | D:9      | Found an ancient bone altar of Kikubaaqudgha.
 10500 | D:9      | Reached skill level 6 in Shields
 10822 | D:10     | Entered Level 10 of the Dungeon
 10824 | D:10     | Noticed a kobold demonologist
 10838 | D:9      | Reached ** piety under Makhleb
 10844 | D:9      | Noticed a sixfirhy
 10845 | D:9      | Noticed an orange demon
 10846 | D:9      | Killed a kobold demonologist
 10847 | D:9      | Reached XP level 11. HP: 70/70 MP: 14/14
 10982 | D:10     | Found an opulent altar of Gozag.
 10999 | D:10     | Reached skill level 5 in Invocations
 11422 | D:10     | Found a flagged portal.
 11431 | Bailey   | Entered a bailey
 11510 | Bailey   | Reached skill level 5 in Fighting
 11743 | Bailey   | Noticed a vault guard
 11771 | Bailey   | Killed a vault guard
 11772 | Bailey   | Reached skill level 7 in Shields
 11834 | Bailey   | Noticed Prince Ribbit
 11834 | Bailey   | Noticed a vault guard
 11844 | Bailey   | Killed Prince Ribbit
 11858 | Bailey   | Killed a vault guard
 12001 | D:10     | Identified the +1 halberd "Del Vadd" {speed, +Blink Str+3}
 12005 | D:10     | Noticed a two-headed hydra
 12263 | D:10     | Noticed a sixfirhy
 12267 | D:10     | Reached *** piety under Makhleb
 12297 | D:11     | Reached skill level 8 in Shields
 12723 | D:11     | Noticed a manticore
 12809 | D:11     | Reached XP level 12. HP: 76/80 MP: 16/16
 13298 | D:11     | Found a staircase to the Lair.
 13458 | D:12     | Noticed a boulder beetle
 13506 | D:12     | Killed a boulder beetle
 13507 | D:12     | Reached skill level 9 in Shields
 13756 | D:12     | Found a staircase to the Orcish Mines.
 13874 | D:12     | Noticed a boulder beetle
 13883 | D:12     | Killed a boulder beetle
 14488 | D:12     | Reached **** piety under Makhleb
 15941 | D:7      | Killed Jeremiah
 15942 | D:7      | Reached skill level 10 in Shields
 16399 | D:10     | Killed a two-headed hydra
 16732 | D:13     | Noticed a centaur warrior
 16745 | D:13     | Killed a centaur warrior
 16857 | D:13     | Found a radiant altar of Vehumet.
 17019 | D:13     | Noticed a boulder beetle
 17035 | D:13     | Killed a boulder beetle
 17200 | D:13     | Noticed a two-headed ogre
 17213 | D:13     | Killed a two-headed ogre
 17316 | D:13     | Noticed Nessos
 17328 | D:13     | Killed Nessos
 17329 | D:13     | Reached XP level 13. HP: 67/89 MP: 18/18
 17538 | D:13     | Reached skill level 11 in Shields
 17600 | D:13     | Found a gate to the Vaults.
 17600 | D:13     | Noticed an ironbound preserver
 17620 | D:13     | Killed an ironbound preserver
 17864 | D:13     | Found Yludgh's General Store.
 17870 | D:13     | Bought a potion of ambrosia for 144 gold pieces
 17870 | D:13     | Bought a wand of polymorph (3) for 75 gold pieces
 18264 | D:14     | Noticed Lodul
 18568 | D:13     | Killed Lodul
 19386 | D:14     | Reached skill level 12 in Shields
 19640 | D:15     | Entered Level 15 of the Dungeon
 20763 | D:15     | Found Iweull's Jewellery Shoppe.
 20769 | D:15     | Bought the ring "Wekusaip" {rF+ rC+ SInv} for 576 gold
                  | pieces
 21020 | D:15     | Reached skill level 10 in Dodging
 21111 | D:15     | Noticed a purple very ugly thing
 21288 | Lair:1   | Entered Level 1 of the Lair of Beasts
 21315 | Lair:1   | Noticed Gastronok
 21494 | Lair:1   | Killed Gastronok
 21495 | Lair:1   | Reached skill level 10 in Fighting
 21495 | Lair:1   | Reached XP level 14. HP: 99/99 MP: 20/20
 22183 | Lair:1   | Reached ***** piety under Makhleb
 22266 | Lair:1   | Reached skill level 13 in Shields
 22851 | Lair:2   | Found a staircase to the Shoals.
 23047 | Lair:2   | Identified the +1 spear "Qegeod" {elec, rC+}
 24072 | Lair:3   | Noticed Amaemon
 24082 | Lair:3   | Killed Amaemon
 24091 | Lair:3   | Reached skill level 10 in Invocations
 24457 | Lair:3   | Found a staircase to the Snake Pit.
 24546 | Lair:3   | Reached skill level 14 in Shields
 24759 | Lair:4   | Noticed Kirke
 25296 | Lair:4   | Noticed a sphinx
 25298 | Lair:4   | Killed Kirke
 25397 | Lair:4   | Noticed Rupert
 25417 | Lair:4   | Killed Rupert
 25418 | Lair:4   | Reached XP level 15. HP: 91/107 MP: 22/22
 25777 | Lair:4   | Noticed Urug
 25788 | Lair:4   | Killed Urug
 26125 | Lair:5   | Entered Level 5 of the Lair of Beasts
 26130 | Lair:5   | Found a staircase to the Slime Pits.
 26153 | Lair:5   | Found a viscous altar of Jiyva.
 26626 | Lair:5   | Learned a level 4 spell: Passage of Golubria
 26814 | Lair:5   | Reached skill level 1 in Translocations
 26851 | Lair:5   | Reached skill level 1 in Spellcasting
 27606 | Lair:5   | Reached skill level 15 in Shields
 27935 | Orc:1    | Entered Level 1 of the Orcish Mines
 28044 | Orc:1    | Found Gucorulo's Magic Scroll Emporium.
 28054 | Orc:1    | Bought a scroll of identify for 20 gold pieces
 28054 | Orc:1    | Bought a scroll of identify for 20 gold pieces
 28054 | Orc:1    | Bought a scroll of identify for 20 gold pieces
 28057 | Orc:1    | Bought a scroll of silence for 95 gold pieces
 28230 | Orc:2    | Entered Level 2 of the Orcish Mines
 28464 | Orc:2    | Found a burning altar of Makhleb.
 28619 | Orc:2    | Found a staircase to the Elven Halls.
 28652 | Orc:2    | Noticed an orc warlord
 29137 | Orc:2    | Killed an orc warlord
 29182 | Orc:2    | Reached XP level 16. HP: 116/116 MP: 24/24
 29610 | Orc:2    | Found Jautsykh's General Store.
 29611 | Orc:2    | Found Plog's Book Emporium.
 29612 | Orc:2    | Found Sixaly's Antique Armour Emporium.
 29612 | Orc:2    | Found Daubros's Antique Weapon Shoppe.
 29992 | D:15     | Reached skill level 16 in Shields
 30250 | D:15     | Gained mutation: You are occasionally teleported next to
                  | monsters. [a shining eye]
 30511 | D:15     | Found a staircase to the Depths.
 30752 | D:15     | Bought a +4 ring of protection for 576 gold pieces
 30753 | D:15     | Bought an amulet of regeneration for 480 gold pieces
 30939 | Snake:1  | Entered Level 1 of the Snake Pit
 31160 | Snake:1  | Noticed Pooter's ghost (adept MiFi)
 31164 | Snake:1  | Found a runed translucent door.
 31485 | Orc:2    | Bought 2 scrolls of identify for 64 gold pieces
 31950 | Snake:2  | Found Waeskaap's Book Shop.
 31950 | Snake:2  | Found Vale's Jewellery Emporium.
 31951 | Snake:2  | Found Furakko's Book Shop.
 32651 | Snake:3  | Reached skill level 17 in Shields
 33000 | Snake:3  | Killed from afar by a naga mage

Illustrated notes

Levels and vault maps discovered:
D:1:      dpeg_arrival_simpleton_b, layout_loops_corners,
          grunt_decor_one_mirror, amethyst_killhole
D:2:      layout_basic, minmay_3d_cube
D:3:      layout_basic
D:4:      layout_loops_ring, cheibriados_altar_1, small_statue_intersection,
          kennysheep_another_room, patterned_corridor, uniq_menkaure
D:5:      layout_cave_pools, zin_academy, nicolae_overflow_hidden_temple
D:6:      layout_basic
D:7:      layout_rooms, grunt_temple_overflow_open, temple_pool_b,
          glass_columns_b, chequers_serial_rivers_room_b, uniq_jeremiah
D:8:      layout_loops_corners, serial_aquarium, aquarium_bridge_square
          [aquarium_subvault_bridge, aquarium_subvault_wall,
          aquarium_subvault_wall, aquarium_subvault_wall], aquarium_window_fake,
          aquarium_window_2, aquarium_window_1, aquarium_window_corner,
          aquarium_view_2c, aquarium_balcony_3a, aquarium_pool_split,
          uniq_maggie, uniq_grum
D:9:      layout_long_grid, mainiacjoe_overflow_six_doors_small, serial_glass,
          glass_columns_a, glass_columns_b, glass_columns_a, glass_columns_a,
          st_stairs_10, minmay_fractal_squares_5
D:10:     layout_basic, mainiacjoe_overflow_paths, enter_bailey_5,
          hangedman_ranch
D:11:     layout_rooms, hellmonk_lair_entry_icy
D:12:     layout_basic, hiddenorc1_lemuel
D:13:     layout_grid_maze, skrybe_vaults_entry_preservation, serial_shops,
          shop, kennysheep_nub, minmay_misc_feat_roman, chequers_jeans,
          nicolae_vehumet_altar_sigil, uniq_nessos
D:14:     layout_irregular_city, serial_park_tiny_2, uniq_lodul
D:15:     gammafunk_enter_depths_forms, layout_irregular_city, serial_shops,
          nicolae_shop_gaudy_bauble, serial_park_tiny_pond,
          chequers_serial_rivers_micro_a
Temple:   hc_temple_tempest_star
Lair:1:   dreamdust_isle_of_ice, layout_small_grid, beast_lair_carwin_7,
          serial_bayou_shore_a, uniq_gastronok, uniq_prince_ribbit2
Lair:2:   beast_lair_carwin_large_4, layout_regular_city,
          elwin_shoals_entry_rocks
Lair:3:   layout_roguey [special_room_bee], guppyfry_snake_entry_garden,
          minivault_25, uniq_amaemon
Lair:4:   layout_cave_pods, uniq_urug, uniq_rupert, uniq_kirke
Lair:5:   evilmike_catoblepas_cave, layout_regular_city, slime_entry_1,
          serial_bayou_lake_a
Snake:1:  layout_rooms, hellmonk_ghost_happy_afterlife
Snake:2:  layout_rooms, lemuel_fruit_tree, minmay_shop_grove
Snake:3:  layout_grid_shapes, serial_bayou_shore_b
Orc:1:    layout_caves, serial_shops, nicolae_shop_advertising_works
          [nicolae_subvault_shop_adworks]
Orc:2:    st_orc_congregation, layout_diamond_mine, basic_altar

Skill      XL: |  1  2  3  4  5  6  7  8  9 10 11 12 13 14 15 16 |
---------------+-------------------------------------------------+-----
Axes           | 3 4 5 6 8 11 13 14 | 14.0
Dodging        | 4 5 6 8 10 11 12 | 12.5
Shields        | 4 5 6 8 10 12 14 15 17 | 17.2
Fighting       | 4 6 8 10 11 12 13 | 13.8
Invocations    | 3 4 6 7 8 10 11 | 11.2
Translocations | 1 |  1.9
Spellcasting   | 2 |  2.0

Action                     |  1- 3 |  4- 6 |  7- 9 | 10-12 | 13-15 | 16-18 || total
---------------------------+-------+-------+-------+-------+-------+-------++-------
  Melee: War axe           |    52 |    76 |    52 |       |       |       ||   180
         Constrict         |    15 |    17 |    47 |    77 |   152 |    38 ||   346
         Tentacles         |    10 |    15 |    57 |   131 |   421 |   144 ||   778
         Punch             |       |     1 |     4 |     7 |    37 |     4 ||    53
         Hand axe          |       |       |   130 |   511 |  1253 |   448 ||  2342
         Unarmed           |       |       |       |       |     9 |       ||     9
  Throw: Dart              |       |       |     9 |    71 |   102 |     4 ||   186
 Invoke: Lesser Servant of |       |       |       |     2 |    30 |    16 ||    48
         Minor Destruction |       |       |       |       |    32 |     2 ||    34
         Major Destruction |       |       |       |       |     6 |       ||     6
         Greater Servant o |       |       |       |       |     1 |     1 ||     2
  Evoke: Wand              |       |       |       |    18 |     9 |     3 ||    30
    Use: Potion            |       |     1 |     8 |     5 |     3 |     5 ||    22
         Scroll            |       |       |    11 |    11 |    12 |     2 ||    36
   Stab: Sleeping          |     3 |     2 |     7 |     4 |    10 |     6 ||    32
         Invisible         |       |       |     2 |     1 |       |       ||     3
         Paralysed         |       |       |       |     2 |       |       ||     2
         Distracted        |       |       |       |     3 |    14 |    10 ||    27
         Petrified         |       |       |       |       |     2 |       ||     2
         Petrifying        |       |       |       |       |     1 |       ||     1
 Armour: Skin              |    16 |    45 |    70 |   134 |   197 |    91 ||   553
  Dodge: Dodged            |    23 |    25 |    48 |   138 |   326 |   158 ||   718
  Block: Buckler           |     3 |       |       |       |       |       ||     3
         Tower shield      |    17 |    52 |   124 |   311 |   816 |   214 ||  1534
         Kite shield       |       |       |       |       |       |   105 ||   105

Table legend: (Time is in decaauts)
 A = Elapsed time spent in this place.
 B = Non-inter-level travel time spent in this place.
 C = Inter-level travel time spent in this place.
 D = Time resting spent in this place.
 E = Time spent auto-exploring this place.
 F = Levels seen in this place.
 G = Mean time per level.
                   A        B        C        D        E       F      G
               +--------+--------+--------+--------+--------+-----+--------+
         Total |  32256 |  28853 |   3403 |   7705 |  14575 |  27 | 1194.7 |
       Dungeon |  22027 |  19349 |   2678 |   5832 |   9407 |  15 | 1468.5 |
        Temple |      1 |      1 |      0 |      0 |      0 |   1 |    1.0 |
          Lair |   6266 |   5817 |    449 |   1149 |   3158 |   5 | 1253.2 |
     Snake Pit |   1626 |   1546 |     80 |    170 |   1026 |   3 |  542.0 |
  Orcish Mines |   1838 |   1644 |    194 |    425 |    817 |   2 |  919.0 |
        Bailey |    495 |    495 |      0 |    127 |    167 |   1 |  495.0 |
               +--------+--------+--------+--------+--------+-----+--------+

Top non-repeatable levels by time:
     D:4: 2529 daAuts
    D:15: 2202 daAuts
    D:13: 2142 daAuts
    D:12: 1845 daAuts
     D:9: 1767 daAuts
     D:8: 1590 daAuts
    D:10: 1589 daAuts
  Lair:5: 1487 daAuts
  Lair:1: 1370 daAuts
    D:11: 1329 daAuts
  Lair:2: 1220 daAuts
     D:6: 1205 daAuts
    D:14: 1135 daAuts
  Lair:3: 1126 daAuts
     D:3: 1097 daAuts
